[Event "Austrian Bundesliga 2023-24"]
[Site "Austria"]
[Date "2024.03.24"]
[Round "11.28"]
[White "Diermair, Andreas"]
[Black "Korpa, Bence"]
[Result "0-1"]
[ECO "C02"]
[WhiteElo "2434"]
[BlackElo "2545"]
[Annotator "TA"]
[PlyCount "72"]
[EventDate "2023.10.21"]
[EventType "team-tourn"]
[EventCountry "AUT"]
[SourceTitle "playchess.com"]
[Source "ChessBase"]
[SourceQuality "1"]
[TimeControl "40/5400+30:1800+30"]

1. d4 e6 2. e4 d5 3. e5 c5 4. c3 Nc6 5. Nf3 Bd7 6. Be2 Qc7 7. O-O f6 8. Re1 fxe5 9. dxe5 g6 {[%emt 0:06:39] C02: French: Advance Variation.} 10. c4 d4 11. Bd3 Bg7 12. Bf4 Nh6 13. Na3 $146 ({Predecessor:} 13. h3 O-O-O 14. Nbd2 Rdf8 15. Bh2 Nf7 16. Qe2 Rhg8 17. a3 Bh8 18. b4 h5 19. bxc5 {½-½ Ubaldo Suarez,M (2142)-Sanchez Castillo,S (2093) VEN-ch Maxima (Women) 2000 (5)}) 13... a6 14. Qd2 Nf7 15. Nc2 O-O (15... Bxe5 $2 16. Rxe5 (16. Nxe5 Ncxe5 17. Qe2 Ke7 $18) 16... Ncxe5 (16... Nfxe5 $2 17. Nxe5 Nxe5 18. Qe2 $18) 17. Nxe5 Nxe5 18. Qe2 $18) (15... Nfxe5 $2 16. Nxe5 Nxe5 (16... Bxe5 $2 17. Rxe5 Nxe5 18. Qe2 $18) 17. Qe2 $18) 16. Bg3 Rab8 (16... Bxe5 $2 17. Nxe5 Nfxe5 18. Rxe5 (18. Qe2 Rxf2 19. Qxf2 Nxd3 $18) 18... Nxe5 19. Re1 $18) 17. h4 b5 (17... Nfxe5 $2 18. Nxe5 Nxe5 (18... Bxe5 $2 19. Rxe5 Nxe5 20. Re1 $18) 19. Qe2 $18) (17... Bxe5 $2 18. Rxe5 (18. Nxe5 Ncxe5 19. h5 Nf3+ 20. gxf3 e5 $18) 18... Ncxe5 (18... Nfxe5 $2 19. Nxe5 Nxe5 20. Re1 $18) 19. Nxe5 Nxe5 20. Re1 Nf3+ 21. gxf3 $18) (17... Ncxe5 $2 18. Nxe5 Nxe5 19. Qe2 $18) 18. b3 Ne7 {[%emt 0:02:15] [#]} (18... Bxe5 $2 19. Nxe5 Ncxe5 20. Qe2 $18) 19. h5 ({White should play} 19. b4 $1 $11) 19... Nf5 20. hxg6 hxg6 21. Qf4 Bc6 22. Qg4 (22. Bh2 $11 {keeps the balance.}) 22... Bxf3 23. Qxg6 $2 (23. Qxf3 $17 {might work better.} Nxe5 (23... Bxe5 24. Bxe5 Nxe5 25. Qf4 $19) 24. Bxe5 Bxe5 25. g3) 23... Ba8 $19 24. Qxe6 (24. Re2 $142) 24... Nxg3 25. Qg6 Nxe5 $2 (25... Be4 $19 {is more deadly.} 26. Rxe4 Nxe4 27. Bxe4 Nxe5 28. Qh7+ Kf7 29. cxb5 Rh8 (29... axb5 $2 30. f4 $19) 30. Qf5+ Ke7) 26. Qh7+ $17 Kf7 27. fxg3 $2 (27. Rxe5 $17 Qxe5 28. Qg6+ Ke7 29. Re1) 27... Rb6 28. Qh5+ Ke7 29. Re2 Kd8 30. Rae1 Re6 ({Inferior is} 30... Nxd3 31. Re8+ Kd7 32. R1e7+ Kd6 33. Qg6+ Bf6 34. Re6+ (34. Rxc7 Ne5 $18) 34... Kd7 35. Qh7+ (35. Rxf8 $2 Rxe6 36. Rxa8 Qb7 $19) (35. Rxf8 $2 Rxe6 36. Rxa8 Qb7 $19)) 31. Qg5+ Qe7 32. Qd2 b4 33. g4 Bh6 34. Qd1 Bf4 35. Bf5 Rd6 (35... Qh4 $142 36. Re4 Qh2+ 37. Kf1 Bxe4 38. Rxe4 Qh1+ 39. Kf2 Qxd1 40. Rxf4 Nd3+ (40... Nxg4+ {gets mated.} 41. Kg3 Rxf5 42. Rxf5 Qxc2 43. Rh5 Ne3 44. Rh8+ Ke7 45. Rh2 Rg6+ 46. Kf3 Qf5+ 47. Ke2 Qf1+ 48. Kd2 Qd1#) (40... Rxf5 41. gxf5 Qxc2+ 42. Kg3 Re8 43. Kh3 Rh8+ 44. Kg3 Rg8+ 45. Kh4 Qxg2 46. Rxd4+ cxd4 47. Kh5 Rh8#) 41. Kg3 Nxf4 (41... Qxc2 42. Bxd3 Qxd3+ 43. Rf3 Re3 44. Kh4 Rexf3 45. gxf3 Qxf3 46. Kh5 Rg8 47. Kh6 Qh3#) 42. Kxf4 Qxc2 43. Kg3 Qc3+ (43... Qxa2 {leads to mate.} 44. Kh2 Qf2 45. g5 Rh8+ 46. Bh3 Re2 47. Kh1 Qxg2#) 44. Kh2 Rh6+ 45. Kg1 Qe1#) 36. a3 Qh4 0-1

[Event "Austrian Bundesliga 2023-24"]
[Site "Austria"]
[Date "2024.03.24"]
[Round "11.29"]
[White "Mesaros, Florian"]
[Black "Dotzer, Lukas"]
[Result "1-0"]
[ECO "D45"]
[WhiteElo "2414"]
[BlackElo "2338"]
[Annotator "RC"]
[PlyCount "127"]
[EventDate "2023.10.21"]
[EventType "team-tourn"]
[EventCountry "AUT"]
[SourceTitle "playchess.com"]
[Source "ChessBase"]
[SourceQuality "1"]
[TimeControl "40/5400+30:1800+30"]

1. Nf3 Nf6 2. c4 e6 3. Nc3 d5 4. d4 c6 5. e3 Nbd7 6. Qc2 b6 7. Bd3 Bb7 8. O-O dxc4 9. Bxc4 c5 10. Ne5 Bd6 11. f4 O-O 12. Bd2 cxd4 13. exd4 Nxe5 14. fxe5 Bxe5 15. dxe5 Qd4+ 16. Kh1 Ng4 17. Nb5 Nf2+ 18. Rxf2 Qxf2 19. Bf1 f6 20. Qc1 Rac8 21. Qe1 fxe5 22. Bc3 Bd5 23. Qxf2 Rxf2 24. Kg1 Rcf8 25. a4 e4 26. Re1 e3 27. Nd4 e2 28. Nxe2 Bc4 29. Ng3 Bxf1 30. Nxf1 R2f4 31. a5 b5 32. Nd2 b4 33. Be5 Rf2 34. Nf3 Rc2 35. Re4 Rd8 36. h3 Rd1+ 37. Kh2 Rf1 38. Kg3 Rff2 39. Rxb4 Rxg2+ 40. Kf4 Rc8 41. Rb7 Rf8+ 42. Ke3 Rf7 43. a6 Rc2 44. Ng5 Rf5 45. Rxg7+ Kf8 46. Nxe6+ Ke8 47. Ke4 Rf7 48. Rg8+ Kd7 49. Kd5 Rd2+ 50. Nd4 Rxb2 51. Ra8 Ra2 52. Rxa7+ Ke8 53. Ra8+ Kd7 54. a7 Re7 55. Nc6 Re8 56. Rxe8 Kxe8 57. Bc3 Ra6 58. Kc5 Kf7 59. Kb5 Rxa7 60. Nxa7 Ke6 61. Kc6 Kf5 62. Kd5 Kf4 63. Bf6 Kg3 64. h4 1-0

[Event "Austrian Bundesliga 2023-24"]
[Site "Austria"]
[Date "2024.03.24"]
[Round "11.30"]
[White "Hoefelsauer, Thomas"]
[Black "Gschnitzer, Adrian"]
[Result "0-1"]
[ECO "D02"]
[WhiteElo "2302"]
[BlackElo "2423"]
[Annotator "TA"]
[PlyCount "78"]
[EventDate "2023.10.21"]
[EventType "team-tourn"]
[EventCountry "AUT"]
[SourceTitle "playchess.com"]
[Source "ChessBase"]
[SourceQuality "1"]
[TimeControl "40/5400+30:1800+30"]

1. d4 d5 2. Nf3 e6 3. Bf4 c5 4. c3 Nf6 5. e3 Bd6 6. Nbd2 cxd4 7. cxd4 Bxf4 8. exf4 {[%emt 0:00:02] The position is equal.} Qb6 9. Qb3 Nc6 10. Qxb6 axb6 11. a3 Bd7 12. Rc1 Ke7 13. Bd3 Rhc8 14. Ke2 Na7 15. Ne5 Bb5 16. f3 Ne8 17. Nb3 Nd6 18. Bxb5 Naxb5 19. g4 f6 20. Nd3 Rc4 21. Ke3 Rac8 {[%emt 0:01:08] Black is more active.} (21... h6 $17 22. Rhe1 Rxc1 23. Rxc1 Nc4+ 24. Ke2 Ra4) 22. Rhe1 $2 {[%emt 0:15:36] [#]} ({Better is} 22. Nd2 $1 $15) 22... Rxc1 $1 $19 23. Rxc1 Rxc1 24. Ndxc1 {[%emt 0:01:35][%mdl 4096] Endgame. KNN-KNN} Nc4+ 25. Kd3 Nxb2+ 26. Kc2 Na4 ({And not} 26... Nxa3+ 27. Kxb2 Nc4+ 28. Kc3 $16) 27. Nd3 Nxa3+ 28. Kd2 Nc4+ 29. Kc2 Na3+ 30. Kd2 $1 Kd6 31. Nb4 Nb2 32. h4 Nb5 33. g5 Nc4+ 34. Kd3 Na5 35. Nd2 Nc6 36. Nc2 Ne7 37. h5 (37. Ne3 $142) 37... Nf5 38. Nf1 h6 39. gxh6 gxh6 {[%emt 0:01:15] Weighted Error Value: White=0.21 (precise) /Black=0.18 (very precise) .  Mistake:       	White=2     	Black=1      Inaccurate:     	White=2     	Black=1      OK:         	White=13    	Black=19     Best:        	White=1     	Black=1      Strong:       	White=1     	Black=1} 0-1

[Event "Austrian Bundesliga 2023-24"]
[Site "Austria"]
[Date "2024.03.24"]
[Round "11.31"]
[White "Dragnev, Valentin"]
[Black "Mamedyarov, Shakhriyar"]
[Result "1/2-1/2"]
[ECO "B40"]
[WhiteElo "2575"]
[BlackElo "2734"]
[Annotator "TA"]
[PlyCount "81"]
[EventDate "2023.10.21"]
[EventType "team-tourn"]
[EventCountry "AUT"]
[SourceTitle "playchess.com"]
[Source "ChessBase"]
[SourceQuality "1"]
[TimeControl "40/5400+30:1800+30"]

1. e4 c5 2. Nf3 e6 3. d4 cxd4 4. Nxd4 Nf6 5. Nc3 Nc6 6. a3 Be7 7. Nxc6 bxc6 8. e5 Nd5 9. Qg4 g6 10. Nxd5 (10. Qg3 $11 {might be stronger.}) 10... exd5 (10... cxd5 {simplifies} 11. c3 Qb6 12. Qd4 Qxd4 13. cxd4 a5) 11. Bh6 Qb6 12. Bd3 $1 d6 13. Qa4 dxe5 (13... Qxb2 $2 {loses.} 14. Qxc6+ Kd8 15. O-O $18) 14. Bg7 $1 Rg8 15. Bxe5 Bd7 16. O-O f6 17. Bc3 {[%emt 0:05:56] [#] aiming for Rfe1.} c5 (17... g5 $142) 18. Qh4 $16 h5 19. Rae1 Kf7 20. Qf4 Rae8 21. Qh6 Rg7 {[%emt 0:00:11] Wards off Qh7} 22. Re3 Bf8 23. Rxe8 Bxe8 24. Re1 Bd7 25. Re3 {[%emt 0:03:11] White has more active pieces.} (25. b3 $16) 25... c4 $1 $14 26. Be2 Rg8 {[%emt 0:08:28] [#] Inhibits Bf3.} 27. Qh7+ (27. Qf4 $1 $16 {Bf3 is the strong threat.} Bc5 28. Bf3 Bxe3 29. Bxd5+ Kg7 30. fxe3) 27... Rg7 $1 $11 28. Qh6 (28. Qh8 $11) 28... Rg8 $14 29. Qf4 ({Of course not} 29. Qh7+ Rg7 30. Qh6) 29... Bc5 30. Rf3 (30. Bf3 $1 $14 Bxe3 31. Bxd5+ Kg7 32. fxe3) 30... Bf5 $132 {[%emt 0:00:46][%cal Of7g7][%mdl 2048] Black is not keeping still} 31. h3 Re8 32. Qd2 Qe6 {[%emt 0:11:28] And now ...d4 would win.} 33. Bf1 {[%emt 0:00:33][%cal Og2g4] Black must now prevent g4!} Rh8 (33... Kg7 $11) 34. Bd4 Qb6 35. Bc3 (35. Rf4 {simplifies} Bxd4 36. Rxd4 Be6 37. b3) 35... Qe6 36. Qf4 (36. b3 $14) 36... Qd6 {[%emt 0:03:01] The position is equal.} 37. Qd2 ({Avoid the trap} 37. Bxc4 $2 dxc4 38. Qxc4+ Kg7 $19) 37... Kg7 38. Bd4 Re8 39. Re3 Rxe3 40. Qxe3 Bb6 41. Bxb6 {[%emt 0:07:53] Weighted Error Value: White=0.15 (very precise) /Black=0.11 (very precise) .  Mistake:       	White=6     	Black=2      Inaccurate:     	White=1     	Black=6      OK:         	White=14    	Black=15     Best:        	White=1     	Black=2      Strong:       	White=1     	Black=2} 1/2-1/2

[Event "Austrian Bundesliga 2023-24"]
[Site "Austria"]
[Date "2024.03.24"]
[Round "11.32"]
[White "Vachier-Lagrave, Maxime"]
[Black "Blohberger, Felix"]
[Result "1-0"]
[ECO "D02"]
[WhiteElo "2728"]
[BlackElo "2531"]
[Annotator "TA"]
[PlyCount "67"]
[EventDate "2023.10.21"]
[EventType "team-tourn"]
[EventCountry "AUT"]
[SourceTitle "playchess.com"]
[Source "ChessBase"]
[SourceQuality "1"]
[TimeControl "40/5400+30:1800+30"]

1. d4 Nf6 2. Nf3 d5 3. Bf4 Bf5 4. e3 e6 5. c4 Nbd7 6. Nc3 Bb4 7. c5 Ne4 8. Qb3 {[%emt 0:00:13] The position is equal.} Ba5 9. h3 ({Much weaker is} 9. Qxb7 Nxc3 (9... Bxc3+ $2 10. bxc3 Qb8 11. c6 $18) 10. a3 Nb1+ 11. b4 Nxa3 $17) 9... O-O 10. Be2 c6 11. O-O Qc8 12. Nxe4 Bxe4 13. Ne5 Nxe5 14. Bxe5 Bc7 15. Bxc7 Qxc7 16. Qc3 Rfe8 17. f3 Bg6 18. f4 f6 19. b4 e5 20. dxe5 fxe5 21. f5 Bf7 22. f6 Bg6 23. e4 d4 24. Qg3 Rf8 25. Bc4+ Kh8 26. fxg7+ Qxg7 27. Qh4 Rae8 28. a4 Rf4 29. Rxf4 exf4 30. Bd3 Bxe4 31. Bxe4 d3 32. Re1 Qd4+ $2 (32... d2 $1 $11 33. Rd1 Qd4+ (33... Rxe4 $2 {loses.} 34. Rxd2 Qf7 35. Rd8+ Re8 36. Rxe8+ Qxe8 37. Qxf4 $18) 34. Kh2 (34. Qf2 Rxe4 35. Rxd2 Re1+ 36. Kh2 Qxf2 $17) 34... Rxe4 (34... Qxe4 35. Qf6+ Kg8 36. Qg5+ Kf8 37. Qf6+ Kg8 38. Rxd2 $16) 35. Rxd2 Qxd2 36. Qf6+ Kg8 37. Qg5+ Kh8 38. Qf6+ Kg8 39. Qg5+ Kh8 40. Qf6+) 33. Kh2 $18 Rxe4 {[%emt 0:00:15] [#]} (33... Qg7 $142 34. Qxf4 Qe5) 34. Qh6 $1 {[%emt 0:00:05] Weighted Error Value: White=0.05 (flawless) /Black=0.24 (precise) .  Loses game:     	---       	Black=1      Mistake:       	---       	Black=1      Inaccurate:     	White=2     	Black=2      OK:         	White=17    	Black=9      Best:        	White=1     	Black=1      Strong:       	White=1     	---} 1-0

[Event "Austrian Bundesliga 2023-24"]
[Site "Austria"]
[Date "2024.03.24"]
[Round "11.33"]
[White "Peyrer, Konstantin"]
[Black "Vitiugov, Nikita"]
[Result "0-1"]
[ECO "D45"]
[WhiteElo "2434"]
[BlackElo "2688"]
[Annotator "TA"]
[PlyCount "64"]
[EventDate "2023.10.21"]
[EventType "team-tourn"]
[EventCountry "AUT"]
[SourceTitle "playchess.com"]
[Source "ChessBase"]
[SourceQuality "1"]
[TimeControl "40/5400+30:1800+30"]

1. d4 Nf6 2. c4 e6 3. Nf3 d5 4. Nc3 c6 5. e3 Be7 6. Qc2 O-O 7. Bd2 c5 8. dxc5 Bxc5 9. Rc1 {[%emt 0:03:52] The position is equal.} b6 10. Be2 dxc4 11. Ne4 Nbd7 12. Bxc4 Bb7 13. Bd3 Rc8 {[%emt 0:01:24] Threatens to win with ...Nxe4.} 14. Qb1 $1 Qe7 15. O-O Bb4 16. Bxb4 Qxb4 17. a3 Qe7 18. Rfd1 g6 19. Nxf6+ Nxf6 20. Ne5 Rc5 21. Rxc5 Qxc5 22. Nc4 Rc8 23. Bf1 {[%emt 0:02:46] [#]} (23. Nd2 $11 {remains equal.}) 23... Bd5 ({Black should play} 23... Be4 $1 $17 24. Qa1 Bxg2) 24. Rd4 Qc7 25. Qd1 (25. a4 $11 {keeps the balance.}) 25... b5 $17 26. Nd2 e5 $36 {[%emt 0:02:35][%mdl 2048] Keeping White busy.} 27. Rd3 Qc2 $1 28. Qxc2 Rxc2 29. b3 h5 30. f3 Kf8 31. Kf2 Ke7 {[%emt 0:01:08][%cal Od5c4] Strongly threatening ...Bc4! Black is much more active.} (31... Bxb3 32. Rxb3 Rxd2+ 33. Ke1 $11) 32. h4 $2 {[%emt 0:02:08][%mdl 8192] [#]} (32. Be2 $17 {is a better chance.}) 32... Bc4 $1 {[%emt 0:01:11][%mdl 512] Weighted Error Value: White=0.33/Black=0.12 (very precise) .  Loses game:     	White=1     	---        Mistake:       	White=2     	Black=1      Inaccurate:     	White=2     	---        OK:         	White=10    	Black=10     Best:        	---       	Black=1      Strong:       	White=1     	Black=1      Brilliant:      	---       	Black=1} 0-1

[Event "Austrian Bundesliga 2023-24"]
[Site "Austria"]
[Date "2024.03.24"]
[Round "11.34"]
[White "Maghsoodloo, Parham"]
[Black "Froewis, Georg"]
[Result "1-0"]
[ECO "A13"]
[WhiteElo "2717"]
[BlackElo "2450"]
[Annotator "TA"]
[PlyCount "61"]
[EventDate "2023.10.21"]
[EventType "team-tourn"]
[EventCountry "AUT"]
[SourceTitle "playchess.com"]
[Source "ChessBase"]
[SourceQuality "1"]
[TimeControl "40/5400+30:1800+30"]

1. c4 e6 2. Nc3 d5 3. cxd5 exd5 4. d4 c6 5. Bf4 Bd6 6. Bxd6 Qxd6 7. e3 Nf6 8. Bd3 O-O 9. h3 Be6 10. Nge2 Nbd7 {[%emt 0:00:14] White has an edge.} 11. O-O Rfe8 12. Qd2 Nf8 13. f3 Nh5 14. e4 f6 15. f4 {[%emt 0:02:22] g4 would now be deadly.} dxe4 16. Nxe4 Qc7 17. f5 (17. Nc5 {simplifies} f5 18. Nxe6 Nxe6 19. Bxf5 Rad8 20. Rf3) 17... Bd5 18. N4c3 {[%emt 0:01:04] [#] And now Nxd5 would win.} Ng3 19. Nxd5 Nxe2+ (19... cxd5 $142 20. Nxg3 Qxg3) 20. Bxe2 $16 cxd5 21. Bf3 $36 {[%emt 0:05:43][%mdl 2048] Black is under strong pressure.} Rad8 22. Rac1 Qb6 23. a4 Kh8 24. Rc5 Qb3 25. Ra1 Nd7 $2 {[%emt 0:04:53] [#]} (25... Re7 {was called for.} 26. Qc3 Qxc3 27. bxc3 Red7) 26. Rb5 $18 ({Much less strong is} 26. Rxd5 $6 Nb6 27. Rb5 Qf7 $18) (26. Bxd5 Nxc5 27. Bxb3 Nxb3 $17) 26... Qc4 27. Rxb7 ({Less strong is} 27. Rxd5 Nb6 28. Ra5 Rxd4 $18) 27... Nb6 $2 (27... Qa6 28. Rb5 (28. Bxd5 Nc5 $16) 28... Nb6) 28. Rxa7 Nc8 29. Ra5 Ne7 30. Qc3 Nc6 $2 (30... Qxc3 31. bxc3 Kg8) 31. Qxc4 {[%emt 0:00:08] Weighted Error Value: White=0.06 (flawless) /Black=0.31.  Mistake:       	---       	Black=4      Inaccurate:     	---       	Black=2      OK:         	White=13    	Black=6      Best:        	White=1     	Black=2} 1-0

[Event "Austrian Bundesliga 2023-24"]
[Site "Austria"]
[Date "2024.03.24"]
[Round "11.35"]
[White "Steindl, Johannes"]
[Black "Vallejo Pons, Francisco"]
[Result "0-1"]
[ECO "B28"]
[WhiteElo "2302"]
[BlackElo "2653"]
[Annotator "TA"]
[PlyCount "52"]
[EventDate "2023.10.21"]
[EventType "team-tourn"]
[EventCountry "AUT"]
[SourceTitle "playchess.com"]
[Source "ChessBase"]
[SourceQuality "1"]
[TimeControl "40/5400+30:1800+30"]

1. e4 c5 2. Nf3 a6 3. c3 e6 4. d4 d5 5. e5 Nc6 6. Bd3 Bd7 7. a3 Qb6 8. dxc5 Bxc5 {[%emt 0:07:55] White is slightly better.} 9. O-O Qc7 10. Re1 f6 11. Bf4 {[%emt 0:07:53] Black must now prevent exf6.} Nge7 12. Bg3 {[%emt 0:07:24] exf6 is the strong threat.} f5 13. Nbd2 O-O 14. b4 Ba7 15. c4 h6 16. h4 (16. Rc1 $11) 16... Be8 17. Rc1 Qd7 18. cxd5 (18. Be2 $15) 18... Nxd5 $17 19. Nc4 Bh5 {[%emt 0:02:47][%cal Og7g5] ...g5! would now be deadly.} 20. Be2 Rad8 {[%emt 0:03:56] Black has more active pieces.} ({Black should try} 20... Qe7 {And now ...Bxf3 would win.} 21. Nd6 f4) 21. Rc2 $2 {[%emt 0:05:44][%mdl 8192] Loses the game.} (21. Nd6 $17) 21... Bxf3 ({Resist} 21... f4 22. Bh2 $19) (21... Qe7 $142 22. Bd3 f4) 22. Bxf3 $19 Nd4 {[%emt 0:00:03] aiming for ...f4. A dynamic duo of knights.} 23. Rc1 (23. Nd6 $17) 23... Rc8 {[%emt 0:02:13] Threatens to win with ...Qd8.} 24. Bxd5 $2 (24. Qd3) 24... Qxd5 25. Nd6 Rxc1 26. Qxc1 {[%emt 0:00:15] [#]} f4 $1 {[%emt 0:00:43][%mdl 512] Weighted Error Value: White=0.54/Black=0.22 (precise) .  Loses game:     	White=1     	---        Mistake:       	White=4     	Black=2      Inaccurate:     	White=1     	Black=1      OK:         	White=6     	Black=8      Brilliant:      	---       	Black=1} 0-1

[Event "Austrian Bundesliga 2023-24"]
[Site "Austria"]
[Date "2024.03.24"]
[Round "11.36"]
[White "Bacrot, Etienne"]
[Black "Helmer, Christoph"]
[Result "1-0"]
[ECO "B52"]
[WhiteElo "2680"]
[BlackElo "2198"]
[Annotator "TA"]
[PlyCount "85"]
[EventDate "2023.10.21"]
[EventType "team-tourn"]
[EventCountry "AUT"]
[SourceTitle "playchess.com"]
[Source "ChessBase"]
[SourceQuality "1"]
[TimeControl "40/5400+30:1800+30"]

1. e4 c5 2. Nf3 d6 3. Bb5+ Bd7 4. Bxd7+ Qxd7 5. c4 Nf6 6. Nc3 Nc6 7. d4 cxd4 8. Nxd4 g6 9. f3 Bg7 10. Be3 O-O 11. O-O a6 12. Qd3 Rab8 13. a4 Qc7 14. b3 {[%emt 0:06:46] The position is equal.} Nd7 {[%emt 0:04:40] ...Nc5 is the strong threat.} 15. Rab1 Qa5 16. Rfd1 Rfe8 17. Nde2 h5 18. Qd2 h4 19. Nd5 Qxd2 20. Rxd2 Nce5 21. h3 Kh7 22. Rdd1 Bh6 {[%emt 0:02:47] Prevents Bg5} 23. Ba7 Rbc8 24. Bf2 g5 25. Ne3 Bf8 26. Nf5 Rc6 27. f4 gxf4 28. Nxf4 e6 29. Nxh4 Nf6 $1 30. Rd4 Bh6 31. Ne2 $36 {[%emt 0:00:34][%mdl 2048] White has some pressure.} Rg8 32. Kf1 Rb8 (32... Ned7 $11) 33. Nf3 $16 b5 34. cxb5 axb5 35. Nxe5 dxe5 36. Rb4 Rcc8 (36... Rc7 $16 {might work better.}) 37. axb5 $18 ({Inferior is} 37. Rxb5 Rxb5 38. axb5 Nxe4 $11) 37... Bf8 38. Rc4 Rxc4 39. bxc4 Nxe4 40. Be3 {[%emt 0:00:00] Prevents Nd2+.} (40. Be1 $1 $16) 40... Bc5 {[%emt 0:00:00] [#]} ({Better is} 40... Rd8 $1 $14) 41. Bxc5 $1 ({And not} 41. Rb3 Bxe3 42. Rxe3 Nd2+ 43. Kf2 Nxc4 $11) 41... Nd2+ (41... Nxc5 {keeps fighting.} 42. b6 Ne4) 42. Ke1 Nxb1 {[%emt 0:00:06] [#]} 43. Bb4 $1 {Weighted Error Value: White=0.09 (flawless) /Black=0.22 (precise) .  Mistake:       	White=1     	Black=4      Inaccurate:     	White=2     	Black=2      OK:         	White=14    	Black=13     Best:        	White=2     	Black=1      Strong:       	White=1     	Black=1} 1-0